AoeStats
← THE TERMiNAT0RR

Pilgrims

509958779Analyzed
3v3 RM · 3d ago on Sep 28, 2026· 57m 30s· 6 players
Game mode
Random Map
Map size
Normal (6 player)
Population
200
Speed
Normal
Resources
Standard
Victory
Conquest
Starting age
Dark Age
Ending age
Imperial Age
RankedLock teamsTeams togetherTeam positionsShared explorationLock speedFull tech treeHidden civsTurbo modeCheats
Victory
Defeat
🇲🇽 Bohemians · Mexico
710
+14
🇬🇧 Koreans · United Kingdom
603
+18
🇨🇦 Chinese · Canada
587
+19
🇩🇪 Vikings · Germany
711
-19
🇹🇷 Portuguese · Türkiye
665
-17
🇵🇱 Poles · Poland
608
-15
weachman
10:57 Feudal Age
11:21 Fishing Lines
11:49 Double-Bit Axe
12:11 Town Watch
17:06 Fletching
19:51 Castle Age
17:59 Horse Collar
20:17 Scale Mail Armor
19:43 Man-at-Arms
20:31 Gillnets
20:43 Gold Mining
21:00 Squires
21:15 Forging
21:16 Gillnets
22:23 Gold Shaft Mining
21:39 Stone Mining
22:24 Arson
24:06 Bow Saw
23:44 Crossbowman
24:36 Bodkin Arrow
25:35 Heavy Plow
31:44 Chain Mail Armor
32:05 Iron Casting
30:56 Long Swordsman
32:21 Medium Warships
34:33 Town Patrol
36:53 Chieftains
39:57 Imperial Age
40:30 Arbalester
43:48 Chemistry
48:25 Bogsveigar
50:02 Two-Handed Swordsman
52:41 Plate Mail Armor
53:11 Blast Furnace
52:54 Elite Berserk
Gumar
13:48 Feudal Age
14:48 Double-Bit Axe
14:46 Horse Collar
23:44 Castle Age
22:58 Gold Mining
25:32 Fletching
25:42 Padded Archer Armor
25:07 Light Cavalry
26:17 Bodkin Arrow
25:47 Elite Skirmisher
27:06 Town Watch
27:21 Crossbowman
28:48 Forging
30:41 Stone Mining
34:50 Leather Archer Armor
35:45 Stone Shaft Mining
35:43 Heavy Plow
35:57 Bow Saw
38:51 Wheelbarrow
38:02 Loom
38:17 Town Patrol
38:00 Pikeman
39:11 Bloodlines
43:12 Hand Cart
43:45 Husbandry
50:22 Imperial Age
52:18 Chemistry
51:39 Ballistics
51:55 Bracer
52:31 Iron Casting
52:41 Arrowslits
53:39 Crop Rotation
53:18 Winged Hussar
55:14 Blast Furnace
54:34 Cavalier
56:52 Scale Mail Armor
56:58 Scale Barding Armor
gokhandg100
17:09 Feudal Age
24:35 Castle Age
26:32 Padded Archer Armor
26:24 Fletching
29:36 Medium Warships
34:43 Leather Archer Armor
34:24 Bodkin Arrow
41:05 Imperial Age
41:09 Scale Mail Armor
41:19 Forging
41:15 Scale Barding Armor
42:38 Elite Organ Gun
44:11 Arquebus
47:38 Wheelbarrow
46:53 Double-Bit Axe
46:52 Horse Collar
47:51 Iron Casting
THE TERMiNAT0RR
4:10 Loom
13:15 Feudal Age
14:44 Wheelbarrow
14:00 Double-Bit Axe
18:49 Castle Age
18:35 Fishing Lines
20:25 Hand Cart
20:59 Bow Saw
29:26 Gillnets
32:11 Imperial Age
35:12 Conscription
36:16 Husbandry
37:32 Chemistry
36:59 Ballistics
37:08 Elite War Wagon
43:45 Shinkichon
47:37 Elite Turtle Ship
49:54 Light Cavalry
Cigarette Lobster
5:16 Loom
14:01 Feudal Age
14:40 Double-Bit Axe
15:08 Fishing Lines
16:40 Wheelbarrow
21:35 Castle Age
19:28 Gold Mining
19:38 Stone Mining
22:32 Bow Saw
23:24 Medium Warships
23:16 Gillnets
25:11 Hand Cart
27:08 Gold Shaft Mining
27:19 Stone Shaft Mining
27:29 Town Watch
28:29 Atonement
28:42 Fervor
28:26 Horse Collar
32:08 Squires
31:54 Arson
32:17 Fletching
32:27 Padded Archer Armor
32:38 Forging
32:29 Scale Mail Armor
34:20 Caravan
35:05 Ballistics
38:22 Imperial Age
36:45 Bodkin Arrow
36:59 Thumb Ring
37:13 Chain Mail Armor
38:09 Iron Casting
40:04 Elite Fire Lancer
41:07 Conscription
40:50 Bracer
41:06 Leather Archer Armor
41:52 Blast Furnace
41:31 Plate Mail Armor
42:33 Chemistry
42:30 Elite Chu Ko Nu
43:20 Heavy Plow
43:54 Ring Archer Armor
43:36 Murder Holes
45:35 Two-Man Saw
44:43 Pikeman
47:25 Halberdier
51:12 Great Wall
51:26 Fortified Wall
51:28 Masonry
51:39 Bombard Tower
56:45 Man-at-Arms
CALLATEprr@
3:35 Loom
11:59 Feudal Age
12:34 Man-at-Arms
15:39 Double-Bit Axe
15:36 Horse Collar
17:05 Forging
19:16 Castle Age
19:21 Scale Mail Armor
19:59 Long Swordsman
20:41 Squires
20:27 Arson
22:36 Bow Saw
22:28 Heavy Plow
23:34 Iron Casting
25:34 Wagenburg Tactics
31:07 Chain Mail Armor
30:44 Fletching
30:55 Padded Archer Armor
38:51 Wheelbarrow
42:44 Imperial Age
40:01 Town Watch
44:59 Caravan
46:57 Elite Hussite Wagon
47:54 Onager
48:17 Two-Handed Swordsman
48:18 Pikeman
50:40 Chemistry
50:00 Ballistics
49:46 Siege Engineers
50:04 Ballistics
55:20 Champion
57:58 Conscription
Connection lost

Rejoining the realm…

Still unreachable

The connection could not be restored.

Session expired

The server has moved on; the page needs a fresh start.